 Dungeon Crawl Stone Soup version 0.27.1-34-g3ba077fa99 (webtiles) character file.

Game seed: 12773183022556461658

95 Arum the Skirmisher (level 4, -5/40 HPs)
             Began as a Draconian Monk on Jan 13, 2022.
             Slain by an ice beast (12 damage)
             ... on level 4 of the Dungeon.
             The game lasted 00:01:44 (2103 turns).

Arum the Skirmisher (Draconian Monk)                Turns: 2103, Time: 00:01:45

Health: -5/40      AC:  5    Str: 19 (21) XL:     4   Next: 39%
Magic:  4/4        EV: 16    Int:  7 (10) God:
Gold:   125        SH:  0    Dex: 10 (13) Spells: 3/3 levels left

rFire    . . .     SeeInvis .     - Unarmed
rCold    . . .     Faith    .   (no shield)
rNeg     . . .     Spirit   .   (armour unavailable)
rPois    .         Reflect  .   (helmet restricted)
rElec    .         Harm     .   (no cloak)
rCorr    .         Rampage  .   (no gloves)
Will     .....                  (no boots)
Stlth    ++........             (no amulet)
HPRegen  0.13/turn              a - +4 ring of evasion
MPRegen  0.09/turn              g - +6 ring of strength

@: mighty, slowed, very slow
A: AC +5, unfitting armour, cold-blooded
a: no special abilities


You were on level 4 of the Dungeon.
You visited 1 branch of the dungeon, and saw 4 of its levels.

You collected 125 gold pieces.

Inventory:

Jewellery
 a - a +4 ring of evasion (left hand)
 e - a ring of willpower
 g - a +6 ring of strength (right hand)
Scrolls
 b - a scroll of blinking {unknown}
 f - 2 scrolls of magic mapping {unknown}
 i - 3 scrolls of identify {unknown}
Potions
 c - a potion of curing


   Skills:
 + Level 4.2 Fighting
 + Level 3.5 Dodging
 - Level 1.7 Stealth
 + Level 3.9 Unarmed Combat


You had 3 spell levels left.
You didn't know any spells.
Your spell library contained the following spells:

 Spells                   Type           Power      Damage    Failure   Level
 Gell's Gravitas          Tloc           0%         N/A       80%         3
 Lesser Beckoning         Tloc           0%         N/A       80%         3
 Teleport Other           Tloc           0%         N/A       80%         3
 Tukima's Dance           Hex            0%         N/A       80%         3
 Passage of Golubria      Tloc           N/A        N/A       99%         4
 Yara's Violent Unravell  Hex/Tmut       0%         3d3       100%        5


Dungeon Overview and Level Annotations

Branches:
Dungeon (4/15)
 Temple: D:4-7

Altars:
Xom


Innate Abilities, Weirdness & Mutations

Your plain brown scales are hard. (AC +5)
You cannot fit into any form of body armour.
You are cold-blooded and may be slowed by cold attacks.


Message History

You hit the ice beast but do no damage.
The ice beast is heavily wounded.
You closely miss the ice beast.
The ice beast is heavily wounded.
The ice beast barely misses you.
You hit the ice beast but do no damage.
The ice beast is heavily wounded.
The ice beast completely misses you.
You hit the ice beast but do no damage.
The ice beast is heavily wounded.
The ice beast hits you but does no damage.
You hit the ice beast.
The ice beast is heavily wounded.
The ice beast hits you. The ice beast freezes you!
You feel yourself slow down.
You are too injured to fight recklessly!
You are too injured to fight recklessly!
You are too injured to fight recklessly!
You are too injured to fight recklessly!
You are too injured to fight recklessly!
You are too injured to fight recklessly!
You are too injured to fight recklessly!
You are too injured to fight recklessly!
You are too injured to fight recklessly!
You are too injured to fight recklessly!
It was a potion of curing.
You feel better.
The ice beast hits you but does no damage.
The ice beast hits you. The ice beast freezes you!
You feel as though you will be slow longer.
* * * LOW HITPOINT WARNING * * *
It was a potion of degeneration.
There was something very wrong with that liquid.
You feel weakened.
You feel dopey.
You feel clumsy. The ice beast closely misses you.
It was a potion of might.
You feel very mighty all of a sudden. The ice beast hits you.
* * * LOW HITPOINT WARNING * * *
The ice beast freezes you!
You feel as though you will be slow longer.
You die...

##############
#...Y@.......#.#
#.#......<.....#
#.########.###
#. .. # #


You could see an ice beast.

Vanquished Creatures
  3 adders
  2 dart slugs
  4 orcs (D:3)
  6 ball pythons
  3 bats
  2 endoplasms (D:2)
  10 hobgoblins
  4 jackals (D:2)
  2 quokkas (D:1)
  3 frilled lizards
  7 goblins
  2 kobolds (D:2)
  10 rats
58 creatures vanquished.

Notes
Turn   | Place    | Note
-------+----------+-------------------------------------------
     0 | D:1      | Arum the Draconian Monk began the quest for the Orb.
     0 | D:1      | Reached XP level 1. HP: 19/19 MP: 1/1
   171 | D:1      | Reached XP level 2. HP: 26/26 MP: 2/2
  1010 | D:2      | Reached XP level 3. HP: 31/33 MP: 3/3
  1119 | D:2      | Reached skill level 4 in Fighting
  1368 | D:2      | Found a shimmering altar of Xom.
  1498 | D:3      | Found a shimmering altar of Xom.
  1580 | D:3      | Reached XP level 4. HP: 40/40 MP: 4/4
  2057 | D:3      | Found a faded altar of an unknown god.
  2079 | D:4      | Noticed an ice beast
  2103 | D:4      | Slain by an ice beast

Illustrated notes

Levels and vault maps discovered:
D:1:      heliophobic_arrival_henge, layout_basic, minmay_misc_feat_doors
D:2:      layout_rooms, basic_altar
D:3:      layout_basic, xom_teletrap_fun,
          hellmonk_ecumenical_altar_leap_of_faith
D:4:      layout_basic, led_sif_book, vehumet_altar_wand_db,
          chequers_serial_rivers_micro_e, minivault_4,
          minmay_misc_feat_diagonals

Skill      XL: |  1  2  3 |
---------------+----------+-----
Dodging        | 3 |  3.5
Fighting       | 4 |  4.2
Stealth        | |  1.7
Unarmed Combat | |  3.9

Action                   |  1- 3 |  4- 6 || total
-------------------------+-------+-------++-------
Melee: Unarmed           |   161 |    55 ||   216
       Tailslap          |    11 |     6 ||    17
       Punch             |     1 |     2 ||     3
  Use: Potion            |       |     3 ||     3
 Stab: Sleeping          |     6 |       ||     6
       Distracted        |       |     1 ||     1
Armor: Skin              |    31 |     8 ||    39
Dodge: Dodged            |   149 |    37 ||   186
